 Dungeon Crawl Stone Soup version 0.20.1-1-g8b1a95d66d (webtiles) character file.

59 Crag the Insei (level 4, 0/30 HPs)
             Began as a Halfling Monk on Nov 18, 2017.
             Slain by an adder (5 damage)
             ... on level 2 of the Dungeon.
             The game lasted 00:05:15 (2818 turns).

Crag the Insei (Halfling Monk)                      Turns: 2818, Time: 00:05:16

Health: 0/30       AC:  2    Str: 12    XL:     4   Next: 22%
Magic:  4/4        EV: 15    Int:  8    God:
Gold:   114        SH:  4    Dex: 17    Spells: 3/3 levels left

rFire    . . .     SeeInvis .     - Unarmed
rCold    . . .     Gourm    .   o - +0 buckler
rNeg     . . .     Faith    .   a - +0 robe
rPois    .         Spirit   .   (no helmet)
rElec    .         Reflect  .   (no cloak)
rCorr    .         Harm     .   (no gloves)
MR       .....                  (no boots)
Stlth    ++........             (no amulet)
Regen    0.1/turn               (no ring)
MPRegen  0.1/turn               (no ring)

@: no status effects
A: mutation resistance 1
a: no special abilities


You were on level 2 of the Dungeon.
You were not hungry.

You visited 1 branch of the dungeon, and saw 2 of its levels.

You collected 114 gold pieces.

Inventory:

Armour
 a - a +0 robe (worn)
 o - a +0 buckler (worn)
Jewellery
 i - an uncursed ring of see invisible {unknown}
Scrolls
 c - 4 scrolls of remove curse {unknown}
 e - 4 scrolls of identify {unknown}
 j - a scroll of enchant weapon {unknown}
 l - a scroll of teleportation {unknown}
 n - a scroll of enchant armour {unknown}
Potions
 f - a potion of degeneration {unknown}
 g - a potion of heal wounds {unknown}
 h - a potion of ambrosia {unknown}
 m - a potion of invisibility {unknown}
Comestibles
 b - a bread ration
 d - a royal jelly
 k - a meat ration
 p - 2 chunks of flesh


   Skills:
 - Level 2.6 Fighting
 - Level 3.2 Dodging
 - Level 2.1 Stealth
 + Level 3.9 Unarmed Combat


You had 3 spell levels left.
You didn't know any spells.

Dungeon Overview and Level Annotations

Branches:
Dungeon (2/15)

Altars:

Annotations:
D:2 Jessica


Innate Abilities, Weirdness & Mutations

You are small and have problems with some larger weapons.
You are somewhat resistant to further mutation.


Message History

The adder bites you.
* * * LOW HITPOINT WARNING * * *
You hit the adder.
The adder is severely wounded.
The adder bites you.
* * * LOW HITPOINT WARNING * * *
You hit the adder but do no damage.
The adder is severely wounded.
The adder closely misses you. The adder misses you.
You hit the adder but do no damage.
The adder is severely wounded.
The adder misses you.
Some of the chunks of flesh in your inventory have rotted away.
You closely miss the adder.
The adder is severely wounded.
The adder misses you.
You miss the adder.
The adder is severely wounded.
The adder bites you.
You die...

#.##)#
##.......##............###
#.##.#
##.....#######........###
.....# ###...##
#.#...#..##. ..####
#......# #.#......... ###
###.##.#.# ####.#####.....
######.#.##...#
#..........####
#...........#.##
#.#####.####
#......#...###.###.......#
#......#..## ##@.g.......#
#.....###.S###S###...<...#
#..S..# #...#.## #.......#
##...## ###..## #.......#
#..#.# ###.### #.......#
#....# #.....# #.......#
#w#### #.....# #####.###
##.##### #.....# #.#
..w....# #[....# ...


You could see an adder and a hobgoblin.

Vanquished Creatures
  2 adders
  A worm (D:2)
  2 dart slugs (D:1)
  A giant cockroach (D:2)
  4 goblins
  4 hobgoblins
  7 kobolds
  A quokka (D:2)
  9 bats
  A frilled lizard (D:2)
  3 rats
35 creatures vanquished.

Notes
Turn   | Place    | Note
-------+----------+-------------------------------------------
     0 | D:1      | Crag the Halfling Monk began the quest for the Orb.
     0 | D:1      | Reached XP level 1. HP: 15/15 MP: 1/1
   783 | D:1      | Reached XP level 2. HP: 20/20 MP: 2/2
  1455 | D:2      | Noticed Jessica
  1461 | D:1      | Reached XP level 3. HP: 13/25 MP: 3/3
  1489 | D:2      | HP: 1/25 [poisoned by an adder]
  2494 | D:2      | Reached XP level 4. HP: 26/30 MP: 4/4
  2818 | D:2      | Slain by an adder

Skill      XL: |  1  2 |
---------------+-------+-----
Unarmed Combat | 3 |  3.9
Fighting       | |  2.6
Dodging        | |  3.2
Stealth        | |  2.1

Action                   |  1- 3 |  4- 6 || total
-------------------------+-------+-------++-------
Melee: Unarmed           |   118 |    45 ||   163
       Punch             |     1 |       ||     1
  Use: Potion            |     2 |       ||     2
 Stab: Sleeping          |     3 |     2 ||     5
  Eat: Chunk             |     5 |     1 ||     6
Armor: Robe              |    17 |     2 ||    19
Dodge: Dodged            |    84 |    18 ||   102
Block: Buckler           |     1 |     8 ||     9
